 Dungeon Crawl Stone Soup version 0.22-a0-135-g6f012ad (webtiles) character file.

107 KristoblXynda the Sneak (level 4, -6/63 HPs)
             Began as a Naga Monk on Jan 31, 2018.
             Mangled by an iguana (8 damage)
             ... on level 4 of the Dungeon.
             The game lasted 00:04:06 (1453 turns).

KristoblXynda the Sneak (Naga Monk)                 Turns: 1453, Time: 00:04:07

Health: -6/63      AC: 22    Str: 13    XL:     4   Next: 86%
Magic:  4/4        EV:  1    Int: 11    God:
Gold:   128        SH:  0    Dex: 19    Spells: 3/3 levels left

rFire    . . .     SeeInvis +     - Unarmed
rCold    . . .     Gourm    .   (no shield)
rNeg     + + +     Faith    .   (armour currently unavailable)
rPois    +         Spirit   .   (helmet currently unavailable)
rElec    .         Reflect  .   (cloak currently unavailable)
rCorr    .         Harm     .   (gloves currently unavailable)
MR       .....     NoTele   +   (no barding)
Stlth    ++++......             (no amulet)
HPRegen  0.20/turn              (no ring)
MPRegen  0.09/turn              (no ring)

@: agile, lethally poisoned (-6 -> -7), tree-form
A: large, see invisible, slow metabolism 1, spit poison 1, AC +1
a: Spit Poison


You were on level 4 of the Dungeon.
You were hungry.
You were a tree.
You visited 1 branch of the dungeon, and saw 3 of its levels.

You collected 128 gold pieces.

Inventory:

Missiles
 h - a throwing net (quivered)
Armour
 a - a +0 robe (melded)
 d - a +0 cloak (melded)
Jewellery
 m - an uncursed amulet of regeneration {unknown}
 o - an uncursed ring of wizardry {unknown}
 p - a +5 ring of strength {unknown}
Scrolls
 c - a scroll of identify
 i - a scroll of remove curse {unknown}
 j - a scroll of teleportation {unknown}
 l - a scroll of amnesia {unknown}
 n - a scroll of blinking {unknown}
Comestibles
 b - 2 rations
 k - a chunk of flesh


   Skills:
 - Level 3.0 Fighting
 + Level 3.0 Dodging
 + Level 4.5 Stealth
 * Level 4.4 Unarmed Combat


You had 3 spell levels left.
You didn't know any spells.

Dungeon Overview and Level Annotations

Branches:
Dungeon (2/15)

Altars:


Innate Abilities, Weirdness & Mutations

You cannot wear boots.
((Your serpentine skin is tough. (AC +1)))
You have supernaturally acute eyesight. (SInv)
((Armour fits poorly on your strangely shaped body.))
((Your system is resistant to poisons. (rPois)))
((You cover ground very slowly.))
You have a slow metabolism.
You can spit poison.


Message History

The jackal bites you.
* * * LOW HITPOINT WARNING * * *
You hit the jackal.
You kill the jackal!
The jackal bites you but does no damage.
You cannot move.
The jackal bites you but does no damage. x2
* * * LOW HITPOINT WARNING * * *
You feel sick.
The jackal bites you but does no damage.
The jackal bites you but does no damage.
The jackal completely misses you.
You smack the jackal!
You kill the jackal!
You cannot move.
You cannot move.
* * * LOW HITPOINT WARNING * * *
You feel sick.
You hit the iguana but do no damage. The iguana bites you!
You die...

#.#..#..##.
#......... #........
.......
..............#
.............. #
#†#...#.#....#
#.#♣#...a....§..
..###.#l#......... .
........#....... ...
#..##.#.#...#.#.....
#.#............. #
###...#.#$#...
#...#.# #......
#...#.#.


You could see an iguana.

Vanquished Creatures
  A worker ant (D:4)
  3 adders (D:2)
  A worm (D:2)
  3 leopard geckos
  An orc (D:4)
  7 giant cockroaches
  4 goblins
  5 hobgoblins
  6 jackals
  4 kobolds (D:1)
  A ball python (D:2)
  6 bats
  A frilled lizard (D:1)
  5 rats (D:1)
48 creatures vanquished.

Notes
Turn   | Place    | Note
-------+----------+-------------------------------------------
     0 | D:1      | KristoblXynda the Naga Monk began the quest for the Orb.
     0 | D:1      | Reached XP level 1. HP: 21/21 MP: 1/1
   275 | D:1      | Reached XP level 2. HP: 28/28 MP: 2/2
   883 | D:1      | Reached XP level 3. HP: 29/34 MP: 3/3
  1155 | D:2      | Reached XP level 4. HP: 42/42 MP: 4/4
  1414 | D:2      | You fall through a shaft for 2 floors!
  1446 | D:4      | HP: 3/63 [jackal (2)]
  1452 | D:4      | HP: 2/63 [poisoned by a worker ant]
  1453 | D:4      | Mangled by an iguana

Vault maps used:
D:1:      matt_arrival_los_fun, minivault_14
D:2:      lemuel_round_altar, moated_statue
D:4:      serial_shops, shop

Skill      XL: |  1  2  3  4 |
---------------+-------------+-----
Stealth        | 4 |  4.5
Unarmed Combat | 4 |  4.4
Dodging        | 3 |  3.0
Fighting       | |  3.0

Action                   |  1- 3 |  4- 6 || total
-------------------------+-------+-------++-------
Melee: Unarmed           |    92 |    33 ||   125
       Punch             |     2 |       ||     2
 Abil: Spit Poison       |    20 |    10 ||    30
  Use: Potion            |       |     4 ||     4
       Scroll            |       |     1 ||     1
 Stab: Sleeping          |     3 |       ||     3
       Distracted        |     1 |       ||     1
  Eat: Chunk             |     1 |     1 ||     2
Armor: Robe              |    21 |     5 ||    26
       Skin              |       |    14 ||    14
Dodge: Dodged            |    50 |    25 ||    75

Table legend:
 A = Spawn XP
 B = Non-spawn XP
 C = Spawn XP percentage of total XP
 D = Spawn monster count
 E = Non-spawn monster count
 F = Spawn count percentage of total count
 G = Total turns spent on level
                    A         B        C        D         E        F      G
               +---------+---------+-------+---------+---------+-------+---------
         Total |       0 |     154 |   0.0 |       0 |      48 |   0.0 |  1453
               +---------+---------+-------+---------+---------+-------+---------
           D:1 |       0 |      36 |   0.0 |       0 |      23 |   0.0 |   942
           D:2 |       0 |      76 |   0.0 |       0 |      20 |   0.0 |   472
           D:4 |       0 |      42 |   0.0 |       0 |       5 |   0.0 |    39
               +---------+---------+-------+---------+---------+-------+---------
